 Dungeon Crawl Stone Soup version 0.29.1-1-gd02db6906a (webtiles) character file.

Game seed: 7444777064556919422

870 hikkokomori the Trooper (level 8, -4/67 HPs)
             Began as a Formicid Fighter on Oct 6, 2022.
             Was an Initiate of Cheibriados.
             Slain by a yak (10 damage)
             ... on level 5 of the Dungeon.
             The game lasted 00:10:19 (4896 turns).

hikkokomori the Trooper (Formicid Fighter)          Turns: 4896, Time: 00:10:20

Health: -4/67      AC:  9    Str: 30    XL:     8   Next: 24%
Magic:  8/8        EV: 12    Int:  9    God:    Cheibriados [......]
Gold:   177        SH:  5    Dex: 14    Spells: 7/7 levels left

rFire   . . .      SeeInvis +   a - +0 war axe
rCold   . . .      Faith    .   c - +0 buckler
rNeg    . . .      Spirit   .   k - +0 chain mail
rPois   .          Reflect  .   (helmet unavailable)
rElec   .          Harm     .   (no cloak)
rCorr   .          Rampage  .   (no gloves)
Will    .....                   (no boots)
Stlth   ..........              (no amulet)
HPRegen 0.21/turn               l - +4 ring of evasion
MPRegen 0.11/turn               y - +6 ring of strength

@: very slow
A: permanent stasis, dig shafts and tunnels, antennae 3, four strong arms
a: Dig, Shaft Self, Renounce Religion


You were on level 5 of the Dungeon.
You worshipped Cheibriados.
Cheibriados was noncommittal.
You visited 2 branches of the dungeon, and saw 9 of its levels.

You collected 237 gold pieces.
You spent 60 gold pieces at shops.

Inventory:

Hand Weapons
 a - a +0 war axe (weapon)
 s - a +3 hand axe
Armour
 b - a +0 scale mail
 c - a +0 buckler (worn)
 j - an orb of energy
 k - a +0 chain mail (worn)
 r - a +0 leather armour of fire resistance
Jewellery
 l - a +4 ring of evasion (left hand)
 o - a ring of flight
 p - a ring of positive energy
 x - a ring of protection from fire
 y - a +6 ring of strength (right hand)
Scrolls
 e - 2 scrolls of enchant armour {unknown}
 f - a scroll of identify
 h - 7 scrolls of teleportation {unknown}
 i - a scroll of poison {unknown}
 m - 2 scrolls of vulnerability
 v - a scroll of brand weapon {unknown}
 w - a scroll of magic mapping
Potions
 d - a potion of might
 g - a potion of attraction
 n - 3 potions of curing
 q - a potion of brilliance
 t - 3 potions of flight
 u - a potion of mutation
 z - a potion of magic {unknown}


   Skills:
 + Level 7.5 Fighting
 + Level 6.5 Axes
 - Level 3.2 Armour
 - Level 4.0 Shields


You had 7 spell levels left.
You didn't know any spells.
Your spell library contained the following spells:

 Spells                   Type           Power      Damage    Failure   Level
 Summon Small Mammal      Summ           0%         N/A       95%         1
 Ensorcelled Hibernation  Hex/Ice        0%         N/A       98%         2
 Passwall                 Tmut/Erth      0%         N/A       98%         2
 Call Canine Familiar     Summ           0%         N/A       100%        3
 Dazzling Flash           Conj/Hex       0%         N/A       100%        3
 Summon Guardian Golem    Hex/Summ       0%         N/A       100%        3
 Iskenderun's Mystic Bla  Conj/Tloc      0%         2d3       100%        4
 Starburst                Conj/Fire      0%         6d3       100%        6
 Swiftness                Air            Unusable   N/A       N/A         3

Dungeon Overview and Level Annotations

Branches:
Dungeon (8/15)             Temple (1/1) D:4
   Lair: D:8-11

Altars:
Ashenzari
Cheibriados
Dithmenos
Elyvilon
Fedhas
Kikubaaqudgha
Nemelex Xobeh
Okawaru
Ru
Sif Muna
Trog
Uskayaw
Vehumet
Wu Jian
Yredelemnul

Shops:
D:5 ?


Innate Abilities, Weirdness & Mutations

You cannot be hasted, slowed, berserked, paralysed or teleported.
You can dig through walls and to a lower floor.
You have a pair of large antennae on your head. (SInv)
Your four strong arms can wield two-handed weapons with a shield.


Message History

The yak is lightly wounded.
You hit the yak.
The yak is lightly wounded.
The yak misses you.
You closely miss the yak.
The yak is lightly wounded.
You block the yak's attack. The yak gores you!
You hit the yak but do no damage.
The yak is lightly wounded.
You block the yak's attack.
You slash the yak!
The yak is moderately wounded.
The yak gores you but does no damage.
You completely miss the yak.
The yak is moderately wounded.
The yak gores you but does no damage.
You slash the yak!
The yak is severely wounded.
You block the yak's attack. The yak gores you.
The yak attacks as you move away! The yak gores you!
The yak gores you but does no damage. The yak attacks as you move away!
The yak barely misses you. The yak gores you but does no damage.
The yak attacks as you move away! You block the yak's attack.
The yak attacks as you move away! The yak barely misses you.
The yak closely misses you. The yak attacks as you move away!
The yak gores you but does no damage. The yak closely misses you.
The yak attacks as you move away! The yak gores you!
You block the yak's attack.
There is a stone staircase leading up here.
The yak gores you!
* * * LOW HITPOINT WARNING * * *
You block the yak's attack.
You climb upwards.
There is a stone staircase leading down here.
The yak gores you!
* * * LOW HITPOINT WARNING * * *
The yak gores you!
You die...

#.#.#### #.#....# ##
#####......# #. #..........#
#. #.##......## #.
#.#........# #.
#.#...####.#### #####.
#..........#>Y###########.....
###........#Y@......(.........
#..........############.....
#.#.###.##.# #.....
#.#.....##.# #....#
#.########.# #....# #.#
#.###### #.)..# #.#
#......#######....#
#.########..###.##.........#
#.#.........# #.##........##


You could see 2 yaks.

Vanquished Creatures
  2 black bears (D:4)
  A centaur (D:8)
  A phantom (D:4)
  A bullfrog (D:7)
  A scorpion (D:4)
  A howler monkey (D:5)
  3 hounds
  A jelly (D:5)
  7 gnolls
  7 adders
  A white imp (D:5)
  A worm (D:3)
  6 dart slugs
  6 orcs
  3 bats
  11 endoplasms
  5 giant cockroaches
  3 goblins
  12 hobgoblins
  3 jackals (D:1)
  5 kobolds
  A quokka (D:3)
  5 ball pythons
  4 frilled lizards
  6 rats
97 creatures vanquished.

Notes
Turn   | Place    | Note
-------+----------+-------------------------------------------
     0 | D:1      | hikkokomori the Formicid Fighter began the quest for the
                  | Orb.
     0 | D:1      | Reached XP level 1. HP: 18/18 MP: 1/1
    24 | D:1      | Found a faded altar of an unknown god.
    94 | D:1      | Reached XP level 2. HP: 17/24 MP: 2/2
   353 | D:1      | Reached XP level 3. HP: 30/30 MP: 3/3
   395 | D:1      | Reached skill level 4 in Fighting
  1283 | D:2      | Reached XP level 4. HP: 36/38 MP: 4/4
  1862 | D:3      | Reached XP level 5. HP: 43/43 MP: 5/5
  2150 | D:3      | You fall into a shaft and drop 2 floors!
  2150 | D:5      | Entered Level 5 of the Dungeon
  2259 | D:4      | Reached skill level 5 in Fighting
  2308 | D:4      | Noticed a black bear
  2318 | D:4      | Killed a black bear
  2319 | D:4      | Reached XP level 6. HP: 30/51 MP: 6/6
  2620 | D:4      | Reached skill level 6 in Fighting
  2623 | D:4      | Reached skill level 5 in Axes
  2636 | D:4      | Reached XP level 7. HP: 13/58 MP: 7/7
  3002 | D:3      | Found a shimmering blue altar of Sif Muna.
  3529 | D:4      | Found a staircase to the Ecumenical Temple.
  3572 | Temple   | Entered the Ecumenical Temple
  3726 | Temple   | Became a worshipper of Cheibriados the Contemplative
  3766 | D:5      | Found Ymeusty's Magic Scroll Emporium.
  3779 | D:5      | Bought a scroll of identify for 20 gold pieces
  3779 | D:5      | Bought a scroll of identify for 20 gold pieces
  3779 | D:5      | Bought a scroll of identify for 20 gold pieces
  4103 | D:5      | Reached skill level 7 in Fighting
  4501 | D:6      | Reached XP level 8. HP: 60/67 MP: 8/8
  4506 | D:6      | You fall into a shaft and drop 2 floors!
  4867 | D:6      | Noticed a yak
  4868 | D:6      | Noticed a yak
  4868 | D:6      | Noticed a yak
  4869 | D:6      | Noticed a yak
  4896 | D:5      | Slain by a yak

Illustrated notes

Levels and vault maps discovered:
D:1:      lightli_arrival_statue_moat, layout_loops_cross,
          hellmonk_ecumenical_altar_blasted, minmay_misc_feat_roman
D:2:      layout_basic, nicolae_figureground_sparkle
D:3:      layout_loops_ring, lemuel_blue_sif_altar
D:4:      layout_loops_cross, minmay_temple_entry_arrows,
          corexii_item_surrounded_by_moat, minmay_cupped
D:5:      layout_basic, serial_shops, nicolae_shop_statue_plus
D:6:      layout_rooms, nicolae_hepliaklqana_ecumenical_no_more,
          doesnt_shop_hydraphobe
D:7:      layout_cave_pools, kennysheep_mini, makhleb_grotto_becter,
          nicolae_hexahallways
D:8:      layout_basic, zin_angel, lair_entry_dummy, serial_shops, shop
Temple:   compressed_dpeg_circular_temple

Skill      XL: |  1  2  3  4  5  6  7 |
---------------+----------------------+-----
Fighting       | 4 5 6 7 |  7.5
Axes           | 3 4 5 6 |  6.5
Armour         | |  3.2
Shields        | |  4.0

Action                   |  1- 3 |  4- 6 |  7- 9 || total
-------------------------+-------+-------+-------++-------
Melee: War axe           |    80 |   112 |   102 ||   294
       Hand axe          |       |     3 |       ||     3
 Abil: Shaft Self        |       |       |     1 ||     1
  Use: Scroll            |       |       |     7 ||     7
Armor: Scale mail        |    30 |       |       ||    30
       Chain mail        |     3 |    47 |    47 ||    97
Dodge: Dodged            |    29 |    88 |    68 ||   185
Block: Buckler           |    15 |    27 |    41 ||    83
